[Event "Juniorallsvenskan 2019, Division 1 and 2"]
[Site "Molnlycke kulturhus, Biblioteksgatan 2, Molnlycke, Sweden"]
[Date "2019.11.23"]
[Round "2.1"]
[White "Petersson, Baldur Teodor"]
[Black "Troberg Eskola, Love"]
[Result "1-0"]
[TimeControl "90 minutes + 30 seconds per move from move one"]
[WhiteTitle "CM"]
[WhiteFideId "2309157"]
[BlackFideId "1724185"]
[WhiteElo "2216"]
[BlackElo "2096"]

1. e4 e6 2. d3 d5 3. Nd2 Nf6 4. Ngf3 Nc6 5. c3 a5 6. Be2 dxe4 7. dxe4 Bc5 8. e5 Ng4 9. Ne4 Qxd1+ 10. Bxd1 Ba7 11. Bf4 h5 12. h3 Nh6 13. Bc2 Ne7 14. O-O-O Bd7 15. Bg5 Bc6 16. c4 Rb8 17. Rd2 b5 18.
c5 Nhf5 19. Rhd1 b4 20. g4 Nh6 21. Nd4 Bd5 22. Ba4+ Kf8 23. Bxe7+ Kxe7 24. Nc6+ Bxc6 25. Bxc6 Rhd8 26. Rd7+ Rxd7 27.
Rxd7+ Kf8 28. Rxc7 hxg4 29. hxg4 Nxg4 30. Rxa7 Nxe5 31. Ba4 f5 32. Ng5 Nd3+ 33. Kb1 Nxc5 34. Rxa5 Nd3 35. Bc2 Nxf2 36.
Nxe6+ Ke7 37. Nxg7 Rg8 38. Nxf5+ Kf6 39. a4 bxa3 40. Rxa3 Ke5 41. Rf3 Rg1+ 42. Ka2 Ng4 43. b4 Nf6 44.
Kb3 Nd5 45. Ne3 Nc7 46. Nc4+ Kd5 47. Rd3+ Kc6 48. Rd6+ Kb7 49. Be4+ Ka7 50. Rd7 Kb8 51. Rd8+ Ka7 52. b5 Rg3+ 53.
Ka4 Rg5 54. b6+ Ka6 55. bxc7 Rc5 56. Ra8# 1-0

[Event "Juniorallsvenskan 2019, Division 1 and 2"]
[Site "Molnlycke kulturhus, Biblioteksgatan 2, Molnlycke, Sweden"]
[Date "2019.11.23"]
[Round "2.2"]
[White "Torngren, Gustav"]
[Black "Pantzar, Milton"]
[Result "0-1"]
[TimeControl "90 minutes + 30 seconds per move from move one"]
[WhiteTitle "CM"]
[BlackTitle "FM"]
[WhiteFideId "1728970"]
[BlackFideId "1721003"]
[WhiteElo "2247"]
[BlackElo "2406"]

1. e4 e5 2. Nf3 Nc6 3. Bb5 a6 4. Ba4 Nf6 5. O-O Be7 6. Re1 b5 7. Bb3 d6 8. c3 O-O 9. h3 Na5 10.
Bc2 c5 11. d4 Qc7 12. d5 Bd7 13. b3 g6 14. Nbd2 Nh5 15. Nf1 Rfb8 16. Be3 c4 17. b4 Nb7 18. Ng3 Nxg3 19. fxg3 a5 20.
a3 Ra6 21. Rc1 axb4 22. axb4 Ra3 23. Bb1 f6 24. g4 Nd8 25. Rf1 Nf7 26. Qd2 Qd8 27. Rf2 Kg7 28. Rcf1 h6 29. Kh2 Ra1 30.
Ng1 Rba8 31. Ne2 R8a3 32. Qb2 Qa8 33. Nc1 Rxb1 34. Qxb1 Rxc3 35. Bb6 Ng5 36. Ra2 Ra3 37. Ba5 Rxa2 38.
Nxa2 Qa7 39. Nc3 Qd4 40. Qc2 Qe3 41. Rf2 h5 42. gxh5 f5 43. Qd2 Qxd2 44. Rxd2 Nxe4 45. Nxe4 fxe4 46. hxg6 Bf5 47. Bb6 Bg5 48.
Re2 Bxg6 49. Be3 Bxe3 50. Rxe3 Bf7 51. Rxe4 Bxd5 52. Re1 Kf6 53. g4 e4 54. Kg3 Ke5 55. h4 Bg8 56. h5 d5 57. Rf1 d4 58. Rf5+ Ke6 59.
Rxb5 c3 60. Rc5 Kd6 61. g5 d3 62. Kf2 d2 63. Ke2 Bb3 0-1

[Event "Juniorallsvenskan 2019, Division 1 and 2"]
[Site "Molnlycke kulturhus, Biblioteksgatan 2, Molnlycke, Sweden"]
[Date "2019.11.23"]
[Round "2.3"]
[White "Carlsson, Ludvig"]
[Black "Olsson, William"]
[Result "1/2-1/2"]
[TimeControl "90 minutes + 30 seconds per move from move one"]
[WhiteTitle "CM"]
[WhiteFideId "1727010"]
[BlackFideId "1741721"]
[WhiteElo "2146"]
[BlackElo "2035"]

1. e4 c5 2. Nc3 Nc6 3. Nge2 g6 4. d4 cxd4 5. Nxd4 Bg7 6. Nb3 Nf6 7. Be2 O-O 8. O-O d6 9. Bg5 Be6 10.
Re1 a6 11. Bf1 Rc8 12. Nd5 Nd7 13. c3 Re8 14. Nf4 Nf8 15. Nxe6 Nxe6 16. Be3 Ne5 17. a4 Qc7 18. a5 Nc5 19.
Nxc5 dxc5 20. f3 h5 21. Qa4 e6 22. Red1 Bf8 23. b3 Bd6 24. Kh1 Nc6 25. Bg1 Kg7 26. Rd3 Red8 27. Rad1 Qe7 28.
R3d2 Bc7 29. Rxd8 Rxd8 30. Rxd8 Qxd8 31. b4 cxb4 32. cxb4 Qd6 33. Qa1+ Kg8 34. b5 axb5 35. a6 bxa6 36.
Qxa6 b4 37. Bb5 Na5 38. Qxd6 Bxd6 39. Bb6 Nb3 40. Bc4 Nd2 41. Bd3 Be5 42. Kg1 Bc3 43. Kf2 b3 44. Be3 b2 45. Bxd2 Bxd2 46.
Ke2 Bc3 47. f4 Kg7 48. e5 f6 49. exf6+ Kxf6 50. h4 e5 51. fxe5+ Bxe5 52. Kf3 Bc3 53. g3 g5 54. hxg5+ Kxg5 55.
Kg2 Be5 56. Kh1 Bxg3 57. Bc2 Kf4 58. Bb1 Ke3 59. Bc2 Kd2 60. Bh7 h4 61. Bg6 Kc1 62. Be4 h3 63. Bf5 b1=Q 1/2-1/2

[Event "Juniorallsvenskan 2019, Division 1 and 2"]
[Site "Molnlycke kulturhus, Biblioteksgatan 2, Molnlycke, Sweden"]
[Date "2019.11.23"]
[Round "2.4"]
[White "Aira, Leonardo"]
[Black "Emmoth, Alfons"]
[Result "0-1"]
[TimeControl "90 minutes + 30 seconds per move from move one"]
[WhiteFideId "1721097"]
[BlackFideId "1718266"]
[WhiteElo "1955"]
[BlackElo "2066"]

1. e4 b6 2. d4 Bb7 3. Nc3 e6 4. Bd3 Nf6 5. Nge2 d6 6. Bg5 Be7 7. O-O Nbd7 8.
f4 O-O 9. Ng3 h6 10. Bxf6 Nxf6 11. Nh5 c5 12. dxc5 bxc5 13. Kh1 c4 14. Nxf6+ Bxf6 15. Bxc4 Bxc3 16. bxc3 Bxe4 17. Qe2 d5 18. Bd3 Bxd3 19.
cxd3 Rc8 20. Qe5 Qa5 21. c4 Rc5 22. Qd4 Rd8 23. cxd5 Rcxd5 24. Qe4 Rxd3 25. f5 exf5 26. Qxf5 Qxf5 27.
Rxf5 Rd1+ 28. Rf1 Rxa1 29. Rxa1 Rd2 30. a4 a5 31. Kg1 Kf8 32. Rb1 Rd5 33. Rb8+ Ke7 34. Rb7+ Ke6 35. Rb6+ Kf5 36.
Rb7 Kg6 37. Rb6+ f6 38. Rb5 Re5 39. h3 h5 40. Kh2 Kf5 41. Rb7 g6 42. Rb6 h4 43. Ra6 Kg5 44. Kg1 Rf5 45. Ra8 Kf4 46.
Rc8 Ke3 47. Ra8 Kd3 48. Rg8 g5 49. Ra8 Kc3 50. g3 hxg3 51. Kg2 Kb4 52. Kxg3 Rf4 53. Rf8 Kxa4 54. h4 Rxh4 55. Rxf6 Rc4 56.
Rf5 g4 57. Rf8 Kb3 0-1

[Event "Juniorallsvenskan 2019, Division 1 and 2"]
[Site "Molnlycke kulturhus, Biblioteksgatan 2, Molnlycke, Sweden"]
[Date "2019.11.23"]
[Round "2.5"]
[White "Jogstad, Martin"]
[Black "Storme, Isak"]
[Result "1-0"]
[TimeControl "90 minutes + 30 seconds per move from move one"]
[WhiteTitle "FM"]
[BlackTitle "FM"]
[WhiteFideId "1715364"]
[BlackFideId "1728113"]
[WhiteElo "2305"]
[BlackElo "2229"]

1. d4 d5 2. c4 e6 3. Nf3 c6 4. e3 Nf6 5. Nc3 Nbd7 6. Qc2 Bd6 7. Bd3 O-O 8. O-O e5 9. cxd5 cxd5 10.
e4 exd4 11. Nxd5 Nxd5 12. exd5 h6 13. Nxd4 Qh4 14. Nf3 Qh5 15. Bh7+ Kh8 16. Qf5 Qxf5 17. Bxf5 Nf6 18. Bxc8 Rfxc8 19. Be3 Nxd5 20. Rfd1 Nxe3 21. Rxd6 Nc2 22. Rad1 Nb4 23. Rd7 Nxa2 24. Ne5 b5 25. Nxf7+ Kg8 26. Nd6 Rc5 27. g4 a5 28.
Nf5 Kh8 29. Rb7 h5 30. h3 hxg4 31. hxg4 Rc4 32. f3 Rc2 33. Nxg7 Rxb2 34. Nh5 Nc3 35. Nf6 Ne2+ 36. Kf2 Nf4+ 37.
Kg3 1-0

[Event "Juniorallsvenskan 2019, Division 1 and 2"]
[Site "Molnlycke kulturhus, Biblioteksgatan 2, Molnlycke, Sweden"]
[Date "2019.11.23"]
[Round "2.6"]
[White "Rasti, Arvin"]
[Black "Bensryd, Hampus"]
[Result "1-0"]
[TimeControl "90 minutes + 30 seconds per move from move one"]
[WhiteFideId "1741160"]
[BlackFideId "1738330"]
[WhiteElo "2206"]
[BlackElo "1977"]

1. Nf3 Nf6 2. g3 b6 3. Bg2 Bb7 4. O-O e6 5. c4 Be7 6. d4 O-O 7. Nc3 Ne4 8. Qc2 Nxc3 9. Qxc3 c5 10.
Rd1 Bf6 11. Qd3 d5 12. cxd5 Bxd5 13. dxc5 bxc5 14. Qc2 Qb6 15. e4 Bb7 16. Be3 Na6 17. e5 Be7 18. Rd7 Nb4 19. Qb1 Nd5 20.
Bg5 Rfe8 21. Bxe7 Rxe7 22. Rd6 Qc7 23. Ng5 g6 24. Qc1 Rc8 25. Ne4 Kg7 26. h4 f6 27. Nxf6 Nxf6 28. exf6+ Kxf6 29.
Qf4+ Kg7 30. Qe5+ Kf7 31. Bh3 Rce8 32. h5 Bd5 33. b3 Rd8 34. Qf4+ Kg8 35. Rxd8+ Qxd8 36. Re1 Qf8 37. Qe3 gxh5 38.
Qg5+ Qg7 39. Qxh5 Qg6 40. Qe5 Qg7 41. Qd6 Qf6 42. Bg2 Rf7 43. Qxc5 Bxg2 44. Kxg2 Qf3+ 45. Kg1 Rf6 46. Qe3 Qd5 47.
Qe4 Qc5 48. Re2 Qc1+ 49. Kg2 Rh6 50. Re1 Qc5 51. Qg4+ Rg6 52. Qc4 Qb6 53. Re3 Rf6 54. b4 Kf7 55. a4 a6 56. Qh4 h6 57.
Qe4 Kg7 58. Qc4 Qb7+ 59. Kg1 Qb6 60. Re2 Qd6 61. b5 axb5 62. axb5 e5 63. Qe4 Re6 64. Rc2 Qd1+ 65. Kg2 Qd4 66.
Rc7+ Kf6 67. Qf3+ Kg6 68. Qf7+ Kg5 69. Qxe6 Qe4+ 70. Kh2 1-0

[Event "Juniorallsvenskan 2019, Division 1 and 2"]
[Site "Molnlycke kulturhus, Biblioteksgatan 2, Molnlycke, Sweden"]
[Date "2019.11.23"]
[Round "2.7"]
[White "Ulles, Jean-Clement"]
[Black "Strom-Engdahl, Alexander"]
[Result "0-1"]
[TimeControl "90 minutes + 30 seconds per move from move one"]
[WhiteFideId "26007029"]
[BlackFideId "1741586"]
[WhiteElo "1943"]
[BlackElo "1940"]

1. e4 e5 2. Nf3 Nf6 3. Nxe5 d6 4. Nf3 Nxe4 5. Nc3 Nxc3 6. dxc3 Be7 7. Be3 Nd7 8. Qd2 Nf6 9. O-O-O c6 10.
Bd3 d5 11. h3 O-O 12. Rhe1 Qa5 13. Kb1 Ne4 14. Qc1 Bf5 15. Nd4 Bg6 16. f3 Nf6 17. Nf5 Bxf5 18. Bxf5 Rfe8 19. Bd4 Qd8 20. Qg5 h6 21. Qf4 Bd6 22.
Rxe8+ Nxe8 23. Qe3 Qc7 24. Re1 c5 25. Be5 Bxe5 26. Qxe5 Qxe5 27. Rxe5 Nf6 28. Re7 Re8 29. Rxe8+ Nxe8 30.
Kc1 Kf8 31. Kd2 Ke7 32. Ke3 Kf6 33. Bd3 Nd6 34. Kf4 b5 35. b3 c4 36. Be2 Nf5 37. Bf1 g5+ 38. Kg4 Ne3+ 0-1

[Event "Juniorallsvenskan 2019, Division 1 and 2"]
[Site "Molnlycke kulturhus, Biblioteksgatan 2, Molnlycke, Sweden"]
[Date "2019.11.23"]
[Round "2.8"]
[White "Lindholm, Gustav"]
[Black "Nord, Alexander"]
[Result "0-1"]
[TimeControl "90 minutes + 30 seconds per move from move one"]
[WhiteFideId "1736515"]
[BlackFideId "1738135"]
[WhiteElo "1922"]
[BlackElo "1845"]

1. d4 e6 2. c4 Nf6 3. Nc3 Bb4 4. e3 O-O 5. Bd3 c5 6. Nf3 Nc6 7. O-O Bxc3 8. bxc3 d6 9. Re1 e5 10.
Qc2 Bd7 11. Bb2 Qc7 12. Rad1 Rae8 13. Nd2 h6 14. f3 Ne7 15. Nf1 Kh8 16. Ng3 Qc8 17. Ba1 Nfg8 18. Ne4 Qc7 19. dxc5 dxc5 20.
Bf1 Rd8 21. Nd6 Be6 22. Nb5 Qb8 23. Na3 Nc6 24. Bb2 Nf6 25. Bd3 Rd7 26. Be4 Nxe4 27. Rxd7 Bxd7 28. Qxe4 Be6 29. Rd1 Rd8 30.
Qc2 Na5 31. Rxd8+ Qxd8 32. h3 Nxc4 33. Nxc4 Bxc4 34. Qe4 Bxa2 35. Qxe5 b6 36. c4 f6 37. Qe6 Qd1+ 38. Kh2 Qd8 39. e4 Qg8 40. Qe7 Bxc4 41. Qxa7 Qe6 42. e5 f5 43. g4 f4 44.
Qa8+ Qg8 45. Qe4 Be6 46. Qxf4 b5 47. Qe3 Qd8 48. f4 Qd1 49. Qf2 c4 50. f5 Bd5 51. f6 Qh1+ 52. Kg3 Qe4 53. fxg7+ Kh7 54. Qf5+ Qxf5 55. gxf5 b4 56. Kf2 c3 57.
Bxc3 bxc3 58. Ke3 Kxg7 59. f6+ Kf7 60.
Kd3 Ke6 61. f7 Kxf7 62. Kxc3 Ke6 63. Kd4 Bh1 64. Ke3 Kxe5 65. Kf2 Kf4 66. Kg1 Bc6 67. Kh2 h5 68. Kg1 Kg3 69. Kf1 Kxh3 70. Kg1 Kg3 0-1

[Event "Juniorallsvenskan 2019, Division 1 and 2"]
[Site "Molnlycke kulturhus, Biblioteksgatan 2, Molnlycke, Sweden"]
[Date "2019.11.23"]
[Round "2.9"]
[White "Sorensen, Hampus"]
[Black "Nilsson, Joakim"]
[Result "1-0"]
[TimeControl "90 minutes + 30 seconds per move from move one"]
[WhiteTitle "FM"]
[BlackTitle "FM"]
[WhiteFideId "8703884"]
[BlackFideId "1723383"]
[WhiteElo "2365"]
[BlackElo "2288"]

1. d4 d5 2. c4 e6 3. Nf3 Nf6 4. Bg5 Nbd7 5. e3 c6 6. Qc2 Be7 7. Nc3 O-O 8. Rd1 b6 9. Bd3 Bb7 10.
O-O h6 11. Bf4 Rc8 12. Qb1 Re8 13. Ne5 Nxe5 14. dxe5 Nd7 15. cxd5 cxd5 16. e4 Nc5 17. exd5 exd5 18. Bf5 d4 19.
Be3 Qc7 20. Bxd4 Rcd8 21. e6 Nxe6 22. Bxe6 fxe6 23. Qg6 Bc5 24. Nb5 Qe7 25. Bxc5 bxc5 26. Nd6 Rf8 27. Nxb7 Qxb7 28. Qxe6+ Kh8 29.
Rxd8 Rxd8 30. Qe2 Rd4 31. h3 Qd5 32. Qa6 Rd1 33. Rxd1 Qxd1+ 34. Kh2 Qd4 35. Qc8+ Kh7 36. Qf5+ Kh8 37.
b3 a5 38. f4 Kg8 39. Qe6+ Kh7 40. Qc4 Qe3 41. Qc2+ Kh8 42. Qf5 Qd4 43. Qe5 Qf2 44. a4 Kh7 45. Qe4+ Kh8 46. f5 Kg8 47.
h4 Kf7 48. Kh3 Kf8 49. Kg4 Kf7 50. Qd5+ Kf8 51. Kh5 Qe2+ 52. Kg6 Qg4+ 53. Kh7 Qd4 54. Qg8+ Ke7 55. Qxg7+ Kd6 56. f6 Qe4+ 57.
Kg8 Qe6+ 58. f7 Ke7 59. Qf8+ Kd7 60. Qe8+ 1-0

[Event "Juniorallsvenskan 2019, Division 1 and 2"]
[Site "Molnlycke kulturhus, Biblioteksgatan 2, Molnlycke, Sweden"]
[Date "2019.11.23"]
[Round "2.10"]
[White "Sundin, Emanuel"]
[Black "Berglind, Axel"]
[Result "0-1"]
[TimeControl "90 minutes + 30 seconds per move from move one"]
[WhiteFideId "1719173"]
[BlackFideId "1720228"]
[WhiteElo "2093"]
[BlackElo "2062"]

1. e4 c5 2. Nf3 d6 3. d4 cxd4 4. Nxd4 Nf6 5. Nc3 a6 6. f3 e6 7. Be3 Nbd7 8. g4 h6 9. Qd2 b5 10.
O-O-O Bb7 11. h4 b4 12. Na4 d5 13. g5 hxg5 14. Bxg5 dxe4 15. Bc4 Ne5 16. Qe2 Qa5 17. Bb3 exf3 18.
Qe3 Neg4 19. Qd2 Rd8 20. Nb6 Bc5 21. Ba4+ Ke7 22. Qf4 Qxb6 23. Bxf6+ gxf6 0-1

[Event "Juniorallsvenskan 2019, Division 1 and 2"]
[Site "Molnlycke kulturhus, Biblioteksgatan 2, Molnlycke, Sweden"]
[Date "2019.11.23"]
[Round "2.11"]
[White "Crevatin, Leo"]
[Black "Mitra, Akash"]
[Result "1-0"]
[TimeControl "90 minutes + 30 seconds per move from move one"]
[WhiteTitle "CM"]
[WhiteFideId "1726307"]
[BlackFideId "1726714"]
[WhiteElo "2231"]
[BlackElo "1975"]

1. d4 Nf6 2. c4 g6 3. Nc3 Bg7 4. Nf3 O-O 5. Bg5 d6 6. e3 Nbd7 7. Be2 c6 8. h3 e5 9. O-O Re8 10.
Qc2 h6 11. Bh4 g5 12. Bg3 e4 13. Nd2 Qe7 14. b4 Nf8 15. c5 d5 16. b5 Ng6 17. Nb3 g4 18. hxg4 Nxg4 19. bxc6 bxc6 20.
Na5 Qg5 21. Qd2 Bd7 22. Rab1 Nh4 23. Rb7 Rad8 24. Rxa7 Re6 25. Nb7 Rde8 26. Nd6 R8e7 27. Bxg4 Qxg4 28. Bxh4 Rg6 29. Bg3 h5 30.
Ne2 h4 31. Nf4 hxg3 32. Nxg6 fxg6 33. fxg3 Bh6 34. Qf2 Qg5 35. Ra3 Be6 36. Qf4 Rc7 37. Qf6 Qxf6 38. Rxf6 Bf5 39. Nxf5 1-0

[Event "Juniorallsvenskan 2019, Division 1 and 2"]
[Site "Molnlycke kulturhus, Biblioteksgatan 2, Molnlycke, Sweden"]
[Date "2019.11.23"]
[Round "2.12"]
[White "Hall, Alexander"]
[Black "Narva, David"]
[Result "1/2-1/2"]
[TimeControl "90 minutes + 30 seconds per move from move one"]
[WhiteFideId "1738933"]
[BlackFideId "24128856"]
[WhiteElo "1887"]
[BlackElo "1979"]

1. d4 d6 2. Nf3 g6 3. c4 Bg7 4. Nc3 Nf6 5. Bg5 Nbd7 6. e3 h6 7. Bh4 g5 8. Bg3 Nh5 9. Bd3 e6 10.
Nd2 Nxg3 11. hxg3 e5 12. d5 Nc5 13. Bc2 f5 14. Qh5+ Kf8 15. g4 e4 16. gxf5 Bxc3 17. bxc3 Bxf5 18.
g4 Bd7 19. Nxe4 Nxe4 20. Bxe4 Qf6 21. Kd2 Kg7 22. Raf1 Be8 23. Qh3 Bg6 24. Qf3 Bxe4 25. Qxe4 Rhe8 26. Qd4 Qe5 27. Kd3 Re7 28.
Qxe5+ Rxe5 29. Rb1 b6 30. Rh2 Rf8 31. Rf1 Rf3 32. a4 Rexe3+ 33. fxe3 Rxf1 34. a5 Rd1+ 35. Ke4 Kg6 36. axb6 axb6 37.
Ra2 Rf1 38. Ra7 Rf7 39. Kd4 1/2-1/2

[Event "Juniorallsvenskan 2019, Division 1 and 2"]
[Site "Molnlycke kulturhus, Biblioteksgatan 2, Molnlycke, Sweden"]
[Date "2019.11.23"]
[Round "2.13"]
[White "Ivarsson, Sebastian"]
[Black "Wernberg, Hugo"]
[Result "1/2-1/2"]
[TimeControl "90 minutes + 30 seconds per move from move one"]
[WhiteFideId "1738593"]
[BlackFideId "1737511"]
[WhiteElo "1969"]
[BlackElo "2020"]

1. d4 d5 2. c4 c6 3. Nf3 Nf6 4. Nc3 e6 5. Bg5 h6 6. Bh4 Nbd7 7. e3 Be7 8. Rc1 Nh5 9. Bxe7 Qxe7 10.
Bd3 Nhf6 11. O-O O-O 12. Qe2 e5 13. dxe5 Nxe5 14. Nxe5 Qxe5 15. cxd5 Nxd5 16. Nxd5 Qxd5 17. Bc4 Qe5 18.
Rfd1 Be6 19. Qd2 Qf6 20. Bxe6 Qxe6 21. b3 Qe7 22. Qd7 Rfe8 23. Rc4 Rad8 24. Qg4 Qg5 25. Qe2 Rxd1+ 26. Qxd1 Rd8 27.
Rd4 Rxd4 28. Qxd4 Qa5 29. Qa1 Qd2 30. g3 c5 31. Qe5 Qxa2 32. Qe8+ Kh7 33. Qxf7 Qb1+ 34. Kg2 b6 35. Qc4 Qg6 36.
e4 Qd6 37. Qf7 a5 38. f4 Qf6 39. Qd5 Qd4 40. Qf5+ Kh8 41. Qf8+ Kh7 42. Qf5+ Kh8 43. e5 Qd5+ 44. Kh3 b5 45.
Qf8+ Kh7 46. Qd6 Qf3 47. Qxc5 Qh5+ 48. Kg2 Qe2+ 49. Kh3 Qh5+ 1/2-1/2

[Event "Juniorallsvenskan 2019, Division 1 and 2"]
[Site "Molnlycke kulturhus, Biblioteksgatan 2, Molnlycke, Sweden"]
[Date "2019.11.23"]
[Round "2.14"]
[White "Ostlund, Joar"]
[Black "Ytterberg, Felix"]
[Result "1-0"]
[TimeControl "90 minutes + 30 seconds per move from move one"]
[WhiteFideId "1735020"]
[BlackFideId "1740687"]
[WhiteElo "1955"]
[BlackElo "2005"]

1. d4 Nf6 2. Nc3 c5 3. d5 d6 4.
e4 a6 5.
f4 b5 6.
e5 dxe5 7. fxe5 b4 8. exf6 bxc3 9. bxc3 gxf6 10. Nf3 Nd7 11. Bd3 Bb7 12. c4 e6 13. O-O exd5 14. Re1+ Be7 15. Nh4 Ne5 16.
Nf5 Rg8 17. Rb1 Qc7 18. Nh6 Rg7 19. Nf5 Rg8 20. Nh6 Rg7 21. Nf5 Rg8 22. Nh6 Rh8 23. Nf5 O-O-O 24. cxd5 Rxd5 25. Rxb7 Qxb7 26.
Nxe7+ Qxe7 27. Bxa6+ Kc7 28. Qxd5 Nf3+ 29. Qxf3 Qxe1+ 30. Qf1 Qc3 31. Bf4+ Kd7 32. Qb5+ Ke7 33. Qb7+ Ke6 34. Qe4+ Kd7 35.
Bb5+ Kd8 36. Qd5+ 1-0

[Event "Juniorallsvenskan 2019, Division 1 and 2"]
[Site "Molnlycke kulturhus, Biblioteksgatan 2, Molnlycke, Sweden"]
[Date "2019.11.23"]
[Round "2.15"]
[White "Dingertz, Erik"]
[Black "Rosenthal, Emanuel"]
[Result "0-1"]
[TimeControl "90 minutes + 30 seconds per move from move one"]
[WhiteFideId "1741578"]
[BlackFideId "1738852"]
[WhiteElo "1892"]
[BlackElo "1703"]

1. Nf3 c5 2. c4 g6 3. Nc3 Nc6 4. g3 Bg7 5. Bg2 e6 6. e3 Nge7 7. O-O d5 8. cxd5 exd5 9. d4 b6 10.
Qa4 O-O 11. dxc5 bxc5 12. Rd1 Rb8 13. Nxd5 Bd7 14. Rb1 Nxd5 15. Rxd5 Qe7 16. e4 Rb4 17. Qd1 Be6 18. Rd6 Nd4 19.
a3 Qxd6 20. axb4 Bb3 21. Qd2 cxb4 22. Nxd4 Bxd4 23. Qf4 Qxf4 24. Bxf4 Rc8 25. Rc1 Rc2 26. Rxc2 Bxc2 27. Bd6 a5 28.
Bc7 a4 29. Bd6 Bxb2 30. Bxb4 a3 31. Bxa3 Bxa3 32. Bf3 Kg7 33. Kg2 Kf6 34. Kh3 Bc5 35. Kg2 Ke5 36. h3 Bxe4 37. Bxe4 Kxe4 38.
f3+ Ke3 39. g4 Bd6 0-1

[Event "Juniorallsvenskan 2019, Division 1 and 2"]
[Site "Molnlycke kulturhus, Biblioteksgatan 2, Molnlycke, Sweden"]
[Date "2019.11.23"]
[Round "2.16"]
[White "Fridman, Arvid"]
[Black "Johansson-Ohman, Daniel"]
[Result "0-1"]
[TimeControl "90 minutes + 30 seconds per move from move one"]
[WhiteFideId "1758632"]
[BlackFideId "1736361"]
[WhiteElo "1596"]
[BlackElo "1810"]

1. d4 f5 2. g3 Nf6 3. Bg2 g6 4.
Nh3 Bg7 5. Nc3 d6 6. Nf4 c6 7. d5 cxd5 8. Nfxd5 Nxd5 9. Qxd5 Nc6 10. Qb5 a6 11. Bxc6+ bxc6 12. Qxc6+ Bd7 13. Qc4 Rc8 14.
Qd3 Qa5 15. Bd2 Bc6 16. O-O O-O 17. Nd1 Qc5 18. Bc3 Be4 19. Qd2 e5 20. e3 Bf3 21. Bb4 Qc4 22. b3 Qg4 23. e4 Qh3 24.
Ne3 f4 25. c4 Bh6 26. Bxd6 fxe3 27. fxe3 Bxe3+ 0-1

[Event "Juniorallsvenskan 2019, Division 1 and 2"]
[Site "Molnlycke kulturhus, Biblioteksgatan 2, Molnlycke, Sweden"]
[Date "2019.11.23"]
[Round "2.17"]
[White "Klosinski, Daniel"]
[Black "Morling, Joakim"]
[Result "1-0"]
[TimeControl "90 minutes + 30 seconds per move from move one"]
[WhiteFideId "1726323"]
[BlackFideId "1715933"]
[WhiteElo "1742"]
[BlackElo "2090"]

1. e4 e6 2. d4 d5 3. Nd2 Nf6 4. exd5 exd5 5. Bd3 Bd6 6. Ne2 O-O 7. h3 b6 8. O-O c5 9. dxc5 bxc5 10.
c4 d4 11. Ne4 Bb7 12. Bg5 Be7 13. Bxf6 Bxf6 14. Nxc5 Bc6 15. Ng3 Nd7 16. Nxd7 Bxd7 17. b4 Rb8 18. Rb1 g6 19. c5 Be6 20.
a4 Be7 21. Qc2 Qd5 22. a5 f5 23. Rfe1 Rf7 24. Qe2 f4 25. Qxe6 Qxe6 26. Rxe6 fxg3 27. fxg3 Kg7 28. Re4 Bg5 29. b5 Be7 30. c6 Bd8 31. Re8 Bc7 32. Rxb8 Bxb8 33. b6 axb6 34. axb6 Bxg3 35. Rc1 Bf4 36. Rc4 Be3+ 37. Kh1 Re7 38. c7 Bf4 39. g4 Re3 40. c8=Q Rxd3 41. Rc7+ Kh6 42. Qf8+ Kg5 43. Rc5+ Kh4 44. Qxf4 h5 45. Rxh5+ gxh5 46. gxh5+ Kxh5 47. Qf5+ 1-0

[Event "Juniorallsvenskan 2019, Division 1 and 2"]
[Site "Molnlycke kulturhus, Biblioteksgatan 2, Molnlycke, Sweden"]
[Date "2019.11.23"]
[Round "2.18"]
[White "Tornberg, Carlos"]
[Black "Johansson-Ohman, Linnea"]
[Result "0-1"]
[TimeControl "90 minutes + 30 seconds per move from move one"]
[WhiteFideId "1733478"]
[BlackFideId "1737260"]
[WhiteElo "1884"]
[BlackElo "1660"]

1. e4 c6 2. d4 d5 3. Nc3 dxe4 4. Nxe4 Nf6 5. Nxf6+ exf6 6. c3 Bd6 7. Bd3 O-O 8. Qc2 g6 9.
h4 Re8+ 10. Ne2 f5 11. h5 Be6 12. hxg6 fxg6 13. g4 Rf8 14. Bh6 Rf7 15. Rg1 Qf6 16. gxf5 Bxf5 17. O-O-O Nd7 18. Rg5 Bf8 19.
Bxf8 Qxg5+ 20. f4 Qf6 21. Bh6 Bxd3 22. Qxd3 Re8 23. Ng3 Rfe7 24. Bg5 Qf7 25. Bxe7 Qxf4+ 26. Kb1 Rxe7 27. Qc4+ Qf7 28.
Qb4 Nb6 29. Rf1 Qe6 30. Qc5 Qe3 31. Rc1 Qd3+ 32. Ka1 Qd2 33. Rb1 Re1 34. a4 Rxb1+ 35. Kxb1 Qd3+ 36. Ka1 Qxg3 37. a5 Qe1+ 38. Ka2 Qe6+ 39. b3 Nc8 40.
Qg5 Qe7 41. Qg4 Nd6 42. c4 Kg7 43. d5 cxd5 44. Qd4+ Qf6 45. Qxd5 Nf7 46. Qxb7 Qd4 47. Qb5 h5 48. c5 Nd8 49.
c6 Qd6 50. Qc4 Nxc6 51. Qc3+ Qf6 52. Qd2 h4 53. b4 Qd4 54. Qh2 Qc4+ 55. Ka1 Qc3+ 56. Kb1 Qxb4+ 57. Kc1 Qc3+ 58. Kb1 Qb3+ 59.
Kc1 Qg3 60. Qb2+ Kh6 61. Qh8+ Kg5 62. Qg8 Qe1+ 63. Kb2 Qxa5 64. Qe8 Qe5+ 0-1

[Event "Juniorallsvenskan 2019, Division 1 and 2"]
[Site "Molnlycke kulturhus, Biblioteksgatan 2, Molnlycke, Sweden"]
[Date "2019.11.23"]
[Round "2.19"]
[White "Lonn, Edvard"]
[Black "Ostenfeld, Valentin"]
[Result "0-1"]
[TimeControl "90 minutes + 30 seconds per move from move one"]
[WhiteFideId "1744712"]
[BlackFideId "1759183"]
[WhiteElo "1387"]
[BlackElo "1856"]

1. d4 Nf6 2. Bf4 d5 3. e3 Bf5 4. Nf3 e6 5. c3 c6 6. Bd3 Bxd3 7. Qxd3 Bd6 8. Bxd6 Qxd6 9. Ne5 Nbd7 10.
f4 Ne4 11. Nd2 Ndf6 12. Nxe4 Nxe4 13. O-O O-O 14. Rac1 f6 15. Nf3 Rac8 16. c4 Qb4 17. b3 a5 18. Rc2 Ra8 19. cxd5 exd5 20.
Nd2 Nxd2 21. Qxd2 Qxd2 22. Rxd2 Rfe8 23. Rd3 Kf7 24. g4 f5 25. h3 Kf6 26. Kg2 fxg4 27. hxg4 Rh8 28. Rd2 h5 29.
g5+ Kf5 30. Kf3 Rae8 31. Re2 Re6 32. Rh1 g6 33. Rc1 b6 34. b4 axb4 35. Rb1 c5 36. Rd1 Rd8 37. dxc5 bxc5 38. Rc2 Rc6 39.
Rcd2 Ke6 40. Kg3 Rcd6 41. Rc1 c4 42. Rb1 Rb8 43. Rd4 c3 44. Rc1 Rc6 45. e4 dxe4 46. Rxe4+ Kf7 47. Re2 b3 48.
axb3 Rxb3 49. Re3 Rc7 50. Kf3 Ra3 51. Kg3 Rc4 52. Kf3 Raa4 53. Rce1 Rxf4+ 54. Kg3 Rg4+ 55. Kh3 Rh4+ 56. Kg3 Rag4+ 0-1

[Event "Juniorallsvenskan 2019, Division 1 and 2"]
[Site "Molnlycke kulturhus, Biblioteksgatan 2, Molnlycke, Sweden"]
[Date "2019.11.23"]
[Round "2.20"]
[White "Ekberg, Karl"]
[Black "Saghatelyan, Frunze"]
[Result "1-0"]
[TimeControl "90 minutes + 30 seconds per move from move one"]
[WhiteFideId "1726277"]
[BlackFideId "1752359"]
[WhiteElo "1867"]
[BlackElo "1110"]

1. d4 d5 2. c4 e6 3. Nc3 Nf6 4. cxd5 exd5 5. Bg5 Bf5 6. Qb3 Nc6 7. Bxf6 gxf6 8. e3 Bb4 9. Bb5 Qd6 10.
Nge2 O-O 11. Ng3 Bg6 12. Bxc6 bxc6 13. a3 Ba5 14. O-O c5 15. dxc5 Qxc5 16. Qxd5 Qxd5 17. Nxd5 Kg7 18. Rac1 Rab8 19.
b4 Bb6 20. Nxc7 a5 21. Nd5 axb4 22. axb4 Rfd8 23. Rfd1 Rd6 24. Ne7 Rxd1+ 25. Rxd1 Ba7 26. Nc6 Rb7 27. Nxa7 Rxa7 28. e4 Rc7 29.
Rb1 Rc4 30. f3 1-0